[Event "Swietokrzyskie IM Chess-ch 2022"]
[Site "Zagnansk"]
[Date "2022.05.06"]
[Round "9.5"]
[White "Prokofiev, Valentyn"]
[Black "Nowak, FM Lukasz"]
[Result "1-0"]
[ECO "A20"]
[WhiteElo "2287"]
[BlackElo "2376"]
[Annotator "TA"]
[PlyCount "141"]
[EventDate "2022.04.29"]
[EventCountry "POL"]
[SourceTitle "playchess.com"]
[Source "ChessBase"]
[SourceQuality "1"]
[TimeControl "40/5400+30:1800+30"]

1. c4 e5 2. g3 d6 3. Bg2 f5 4. Nc3 Nf6 5. d3 Be7 6. Nf3 O-O 7. O-O c6 8. e4 {[%emt 0:05:05] A21: English Opening: 1...e5 2 Nc3.} Na6 9. Qe2 Qe8 {[%emt 0:06:32] [#]} 10. d4 $146 (10. Nh4 $1 $11) ({Predecessor:} 10. Re1 fxe4 11. dxe4 Qh5 12. Ng5 Bg4 13. f3 Bd7 14. f4 exf4 15. gxf4 Ng4 16. Nf3 {½-½ (37) Cavender,S (2137)-Fedorko,A (2053) IECC email 1999}) 10... fxe4 $15 11. Nxe4 Nxe4 12. Qxe4 Bf5 13. Qe3 Nb4 $1 14. Ne1 exd4 15. Qxd4 Qg6 16. Be3 Bf6 17. Qd2 Nd3 18. Nxd3 Bxd3 19. Rfe1 Bxc4 20. Qxd6 Qf7 (20... Bxb2 21. Qb4 Bxa1 22. Qxc4+ Qf7 23. Qxf7+ Rxf7 24. Rxa1 $16) 21. Qa3 Rfd8 22. Bf1 Bd5 23. Bg2 Bc4 24. Bf1 $1 Be6 25. Bg2 Rd7 26. h4 a6 27. Bf1 Rf8 28. Qb4 Bd5 (28... Bxa2 $2 29. Rxa2 $1 Kh8 30. Raa1 $18) 29. Rad1 (29. Bh3 $11 {was preferrable.}) 29... Be7 (29... Bxa2 $2 30. Rxd7 Qxd7 31. b3 $18) (29... Re7 $15) 30. Qa4 Bd6 (30... Qf3 31. Rxd5 $1 Rxd5 32. Qb3 $11) 31. Bh3 Re7 (31... Qf3 $2 32. Rxd5 $1 Bxg3 33. Bg2 (33. Rxd7 Bxf2+ 34. Bxf2 Qxf2+ 35. Kh1 Qxe1+ 36. Kh2 Qe5+ 37. Kh1 Qe1+ 38. Kh2 Rf2+ 39. Bg2 Qe5+ 40. Kg1 Qe1+ 41. Kh2 Qe5+ 42. Kg1 Qe1+ 43. Kh2 $11) (33. Be6+ Kh8 $16) 33... Bxf2+ 34. Kh1 $18) 32. Qc2 {[%emt 0:00:28] [#]} Qf3 {[%emt 0:01:57] Inhibits Bg2.} (32... Bxg3 $1 $17 {[%cal Of7f3][%mdl 512] ( -> ...Qf3!)} 33. Rxd5 (33. fxg3 $2 Qf3 $19) 33... Rxe3 $1 34. Rxe3 Bxf2+ 35. Kf1 Bxe3+ 36. Rf5 Qxa2 37. Rxf8+ Kxf8 38. Qf5+ Qf7 39. Qxf7+ Kxf7) 33. Rxd5 $1 cxd5 34. Bg2 Qf5 35. Qb3 {[%emt 0:00:08] [#]} (35. Qxf5 $15 Rxf5 36. Rf1) 35... Kh8 (35... Bc5 $1 $17 36. Rf1 Bxe3 37. fxe3 Qc8 38. Bxd5+ Kh8 39. Rxf8+ Qxf8) 36. Rd1 Rfe8 (36... Qg4 $15 37. Rxd5 Bxg3 $1 ) 37. Rxd5 $11 Qf6 {[%emt 0:00:17][%cal Od6g3] And now ...Bxg3! would win.} 38. Bg5 Re1+ 39. Kh2 $1 Qf8 {[%emt 0:01:16] aiming for ...R1e2.} (39... Qxf2 $2 40. Rxd6 h6 41. Bxh6 $1 gxh6 42. Qxb7 $18) 40. Qd3 {[%emt 0:00:00] Rf5 is the strong threat.} Bb8 ({Don't play} 40... Qxf2 41. Rxd6 R1e2 42. Qd5 $18) 41. Rf5 {[%emt 0:19:39][%mdl 1024] White has compensation.} Qb4 ({Black should play} 41... Qd6 $1 $11 42. Qxd6 Bxd6) 42. Qf3 $14 b6 $2 {[%emt 0:02:37][%mdl 8192] [#]} ({Less strong is} 42... h6 43. Qh5 Qd6 44. Bf6 $1 $16 ) (42... Rg8 $14) 43. a3 $2 ({Only move:} 43. Bd2 $1 $18 Qxh4+ 44. Bh3 Bxg3+ 45. Kg2) 43... Qd6 {[%emt 0:01:57] [#]} (43... Qc4 $1 $14) 44. Bd2 $1 $16 {[%emt 0:02:18][%mdl 512] Really sharp!} R1e6 (44... R1e5 45. Rf7) 45. Bc3 {[%emt 0:01:04] Against Rf6. Black must now prevent Bf1.} Qd8 46. Qh5 $1 $40 {[%emt 0:01:34][%cal Oc3g7][%mdl 128] White wants to mate with Bxg7+! Black is in trouble.} R8e7 (46... Rf8 $16) 47. Bd5 $18 {[%emt 0:01:24] This bishop pair is nice.} Rd6 48. Qf3 Re8 {[%emt 0:00:30] [#]} 49. Bxg7+ $1 {[%emt 0:00:26][%mdl 576] Decoy} Kxg7 50. Rf7+ Kh8 {[%emt 0:01:12] [#]} 51. Qc3+ $2 (51. Qh5 $1 {mates} h6 {[#]} 52. Qf5 $1 Rg6 53. Qxg6 Bxg3+ 54. fxg3 Re2+ 55. Kg1 Re1+ 56. Kf2) 51... Rf6 52. Qxf6+ Qxf6 53. Rxf6 {[%emt 0:00:02][%mdl 4096] Endgame KRB-KRB} Bc7 54. Rc6 Re7 55. h5 {[%emt 0:00:43] Strongly threatening f4.} Re5 56. Bf3 Rc5 57. Re6 Kg8 58. Re7 h6 (58... Bd6 $142 59. Re2 a5) 59. Kg2 a5 60. Re6 Kg7 61. Rg6+ Kf7 62. Rxh6 Rc2 $2 (62... Be5 63. Rxb6 Bd4) 63. Be4 {[%emt 0:00:06] White is clearly winning.} Rc5 64. b4 Rc3 65. bxa5 bxa5 66. Rg6 Be5 67. Bd5+ Kf8 68. h6 Rc5 69. Rg8+ Ke7 {[%emt 0:00:11] [#]} 70. h7 $1 Rxd5 (70... Bb2 71. Bf3) 71. Rg5 {[%emt 0:00:02] Weighted Error Value: White=0.22 (precise) /Black=0.52} 1-0